 Dungeon Crawl Stone Soup version 0.30-a0-364-gf6b3ef1049 (webtiles) character file.

Game seed: 13123018140542974576

8192 hikkokomori the Zephyrmancer (level 11, -14/60 (66) HPs)
             Began as a Tengu Air Elementalist on Nov 15, 2022.
             Was a Follower of Vehumet.
             Demolished by a titan zombie (22 damage)
             ... on level 1 of the Abyss.
             The game lasted 00:28:03 (11794 turns).

hikkokomori the Zephyrmancer (TeAE)                Turns: 11794, Time: 00:28:04

HP:   -14/60 (66)   AC:  5    Str:  9    XL:     11   Next: 27%
MP:   4/15          EV: 18    Int: 25    God:    Vehumet [*.....]
Gold: 449           SH:  0    Dex: 15    Spells: 5/15 levels left

rFire   . . .      SeeInvis .    l - staff of air
rCold   . . .      Faith    .    (no shield)
rNeg    . . .      Spirit   .    I - +2 robe {Archmagi}
rPois   .          Reflect  .    (helmet restricted)
rElec   +          Harm     .    w - +0 cloak
rCorr   .          Rampage  .    (no gloves)
Will    +....      Archmagi +    (boots unavailable)
Stlth   ++........               u - amulet of regeneration
HPRegen 1.10/turn                r - ring of willpower
MPRegen 0.14/turn                F - +6 ring of intelligence

@: sluggish, about to teleport, flying quickly and evasively, drained, very slow
A: beak, talons 3, nimble flight
a: Renounce Religion


You were on level 1 of the Abyss.
You worshipped Vehumet.
Vehumet was aware of your devotion.
You visited 2 branches of the dungeon, and saw 10 of its levels.
You visited the Abyss 1 time.

You collected 449 gold pieces.

Inventory:

Hand Weapons
 c - a +0 whip
 i - a +2 dagger of draining
 L - a +5 falchion of freezing
Missiles
 x - 4 throwing nets
Armour
 a - a +0 robe
 m - the +5 ring mail of Baldness {Str+5}
   (You found it on level 2 of the Dungeon)

   Str:       It affects your strength (+5).
 w - a +0 cloak (worn)
 I - a +2 robe of the Archmagi (worn)
Magical Staves
 l - a staff of air (weapon)
Jewellery
 e - an amulet of the acrobat
 r - a ring of willpower (left hand)
 u - an amulet of regeneration (around neck)
 y - a ring of ice
 F - a +6 ring of intelligence (right hand)
 K - a ring of ice
 N - a ring of willpower
Wands
 H - a wand of acid (6)
 M - a wand of flame (8)
Scrolls
 d - 2 scrolls of magic mapping
 f - a scroll of immolation
 g - a scroll of enchant weapon {unknown}
 h - a scroll of vulnerability
 j - 2 scrolls of torment
 n - 4 scrolls of fear
 p - a scroll of enchant armour {unknown}
 s - a scroll of butterflies {unknown}
 A - 2 scrolls of blinking {unknown}
 B - a scroll of poison {unknown}
 E - 2 scrolls of silence {unknown}
Potions
 b - 4 potions of magic
 k - 2 potions of flight
 o - 2 potions of invisibility
 q - 2 potions of curing
 v - 2 potions of degeneration
 z - 2 potions of attraction
 C - a potion of lignification {unknown}
 D - 2 potions of haste
 G - a potion of brilliance
 J - a potion of heal wounds


   Skills:
 + Level 6.5 Fighting
 + Level 7.6 Dodging
 - Level 2.0 Stealth
 - Level 2.5 Spellcasting
 - Level 12.6 Conjurations
 - Level 13.2 Air Magic
 + Level 3.5 Evocations


You had 5 spell levels left.
You knew the following spells:

 Your Spells              Type           Power      Damage    Failure   Level
a - Shock                 Conj/Air       100%       1d9       1%          1
b - Static Discharge      Conj/Air       100%       2-7/arc   1%          2
c - Swiftness             Air            100%       N/A       1%          3
d - Airstrike             Air            51%        2d(8-24)  1%          4

Your spell library contained the following spells:

 Spells                   Type           Power      Damage    Failure   Level
 Magic Dart               Conj           100%       1d8       1%          1
 Sublimation of Blood     Necr           4%         N/A       16%         2
 Wereblood                Tmut           4%         N/A       16%         2
 Inner Flame              Hex/Fire       4%         N/A       32%         3
 Cause Fear               Hex            2%         N/A       71%         4
 Summon Ice Beast         Ice/Summ       4%         N/A       71%         4
 Summon Mana Viper        Hex/Summ       4%         N/A       96%         5
 Monstrous Menagerie      Summ           2%         N/A       100%        7
 Summon Hydra             Summ           2%         N/A       100%        7
 Discord                  Hex            2%         N/A       100%        8


Dungeon Overview and Level Annotations

Branches:
Dungeon (9/15)             Temple (1/1) D:7            Lair (0/5) D:8
    Orc: D:9-12

Altars:
Cheibriados
Dithmenos
Elyvilon
Fedhas
Gozag
Hepliaklqana
Makhleb
Okawaru
Qazlal
Ru
Trog
Uskayaw
Vehumet
Wu Jian
Xom
Yredelemnul
Zin
The Shining One
Lugonu

Portals:
Abyss: D:6

Annotations:
D:9 Psyche


Innate Abilities, Weirdness & Mutations

You have a beak for a mouth.
You have claws for feet.
Your magical nature lets you fly swiftly and evasively.


Message History

The raiju bursts into living lightning!
The living lightning hits you. You resist.
The raiju blinks!
A titan zombie comes into view.
A starcursed mass splits. x2
The raiju bursts into living lightning!
The living lightning misses you.
The raiju blinks!
The raiju misses you.
A smoke demon comes into view.
A deep elf elementalist comes into view.
It is wielding a +0 long sword.
The raiju bursts into living lightning!
The living lightning hits you. You resist.
The raiju blinks!
As you read the scroll of teleportation, it crumbles to dust.
You feel strangely unstable.
You feel the power of the Abyss delaying your translocation!
Unknown command.
Unknown command.
A starcursed mass splits. x2
The raiju bursts into living lightning!
The living lightning misses you.
The raiju blinks!
The raiju attacks as you move away! The raiju bites you. The raiju shocks you.
You resist.
The smoke demon roars!
The deep elf elementalist shouts!
The raiju bursts into living lightning!
The living lightning hits you. You resist.
The raiju blinks!
The titan zombie closely misses you.
You start to feel a little faster.
The deep elf elementalist mumbles some strange words.
The deep elf elementalist seems to speed up.
The smoke demon gestures at you. Something smites you!
The raiju bursts into living lightning!
The living lightning misses you.
The raiju blinks! x2
A deafening chorus of shrieks assaults your mind!
* * * LOW HITPOINT WARNING * * *
The titan zombie hits you!
* * * LOW HITPOINT WARNING * * *
Unknown command.
The titan zombie attacks as you move away!
The titan zombie hits you!!
You die...

### #......# # .
. ...##......###
# .............#
. .....XXX..####
#
......#X#.X..#.#.
......§XX........
#..#.#..........
##.#.#ZX..#3.###
#@......# ..
#.h.....# #.
#.........
.......e..
........§..
...........
..##...##..# .#
...# ..


You could see 7 starcursed masses, a deep elf elementalist (fast, repels
missiles), a smoke demon, a raiju and a titan zombie.

Vanquished Creatures
  A hydra (D:8)
  Pikel (D:7)
  An ugly thing (D:9)
  An elephant (D:8)
  3 trolls
  Grinder (D:5)
  Sigmund (D:5)
  3 yaks (D:9)
  A wyvern (D:8)
  A basilisk (D:8)
  A steam dragon (D:7)
  Duvessa (D:5)
  3 water moccasins
  5 orc warriors
  4 sky beasts
  2 black bears
  An ogre (D:5)
  4 centaurs
  2 lemures
  A phantom (D:6)
  3 kobold brigands
  2 necrophages
  4 scorpions
  4 bullfrogs
  5 wights
  Dowan (D:5)
  5 killer bees (D:7)
  2 howler monkeys
  A lava snake (D:7)
  4 orc priests
  8 hounds
  Crazy Yiuf (D:4)
  A jelly (D:4)
  6 gnoll boudas
  2 iguanas (D:5)
  4 orc wizards
  31 gnolls
  8 adders
  2 shadow imps
  A white imp (D:6)
  5 dart slugs
  23 orcs
  5 ball pythons
  3 bats
  5 endoplasms
  3 giant cockroaches
  8 goblins
  7 hobgoblins
  6 jackals
  24 kobolds
  3 quokkas
  2 frilled lizards
  3 rats (D:1)
  2 lurking horrors (D:6)
232 creatures vanquished.

Vanquished Creatures (others)
  12 plants (D:8)
12 creatures vanquished.

Grand Total: 244 creatures vanquished

Notes
Turn   | Place    | Note
-------+----------+-------------------------------------------
     0 | D:1      | hikkokomori the Tengu Air Elementalist began the quest for
                  | the Orb.
     0 | D:1      | Reached XP level 1. HP: 10/10 MP: 4/4
   230 | D:1      | Reached XP level 2. HP: 8/15 MP: 1/6
   705 | D:1      | Reached XP level 3. HP: 17/19 MP: 7/7
  1524 | D:2      | Identified the +5 ring mail of Baldness {Str+5}
  1589 | D:2      | Learned a level 2 spell: Static Discharge
  1593 | D:2      | Learned a level 3 spell: Swiftness
  1642 | D:2      | Identified the +7 chain mail of Nihilism {rF+ Int+6}
  2014 | D:3      | Reached skill level 5 in Air Magic
  2014 | D:3      | Reached XP level 4. HP: 23/24 MP: 8/8
  2526 | D:3      | Found a faded altar of an unknown god.
  2531 | D:3      | Found an ornate altar of the Wu Jian Council.
  2669 | D:4      | Gained mutation: Your magical nature lets you fly swiftly
                  | and evasively. [Tengu growth]
  2669 | D:4      | Reached XP level 5. HP: 28/28 MP: 9/9
  2694 | D:4      | Found a large runed translucent door.
  2695 | D:4      | Found a large runed translucent door.
  2695 | D:4      | Found a shimmering altar of Xom.
  2773 | D:4      | Reached skill level 6 in Air Magic
  2783 | D:4      | Noticed a black bear
  2873 | D:4      | Reached skill level 5 in Conjurations
  2926 | D:4      | Killed a black bear
  2927 | D:4      | Reached XP level 6. HP: 27/32 MP: 10/10
  2992 | D:4      | Reached skill level 7 in Air Magic
  3490 | D:4      | Found a runed translucent door.
  3491 | D:4      | Noticed Crazy Yiuf
  3602 | D:4      | Killed Crazy Yiuf
  3683 | D:5      | Entered Level 5 of the Dungeon
  3776 | D:5      | Noticed Sigmund
  3857 | D:5      | Reached XP level 7. HP: 36/36 MP: 6/11
  3961 | D:5      | Noticed Duvessa
  3981 | D:5      | Reached skill level 8 in Air Magic
  4244 | D:4      | Learned a level 4 spell: Airstrike
  4248 | D:5      | Noticed Dowan
  4396 | D:5      | Reached skill level 9 in Air Magic
  4396 | D:5      | Reached XP level 8. HP: 41/41 MP: 8/12
  4520 | D:5      | Killed Duvessa
  4607 | D:5      | Killed Dowan
  4894 | D:5      | Reached skill level 10 in Air Magic
  5141 | D:5      | Killed Sigmund
  5256 | D:5      | Noticed Grinder
  5265 | D:5      | Killed Grinder
  5266 | D:5      | Reached skill level 10 in Conjurations
  5266 | D:5      | Reached XP level 9. HP: 45/45 MP: 1/13
  5683 | D:6      | Reached skill level 11 in Air Magic
  6108 | D:6      | Found a basalt altar of Yredelemnul.
  6403 | D:6      | Found a one-way gate to the infinite horrors of the Abyss.
  6405 | D:6      | Found a corrupted altar of Lugonu.
  7229 | D:7      | Noticed Pikel
  7320 | D:7      | Reached skill level 12 in Air Magic
  7329 | D:7      | HP: 1/45 [killer bee (5)]
  7705 | D:7      | Found a staircase to the Ecumenical Temple.
  7828 | D:7      | Killed Pikel
  7829 | D:7      | Reached skill level 13 in Air Magic
  7829 | D:7      | Reached XP level 10. HP: 36/50 MP: 6/14
  8355 | D:8      | Noticed an elephant
  8355 | D:8      | Found a staircase to the Lair.
  8378 | D:7      | Reached skill level 1 in Fighting
  8626 | Temple   | Entered the Ecumenical Temple
  8742 | Temple   | Became a worshipper of Vehumet
  9124 | D:8      | Noticed an eight-headed hydra
  9145 | D:8      | Killed an eight-headed hydra
  9146 | D:8      | Reached skill level 5 in Dodging
  9446 | D:8      | Found the +1 robe of Vines {NoPotionHeal Regen++++}
  9672 | D:8      | Killed an elephant
  9673 | D:8      | Reached skill level 5 in Fighting
 10009 | D:8      | Reached skill level 1 in Evocations
 10174 | D:8      | Reached XP level 11. HP: 64/64 MP: 1/15
 10290 | D:8      | Reached * piety under Vehumet
 10290 | D:8      | Offered knowledge of Magic Dart by Vehumet.
 11548 | D:9      | Noticed a brown ugly thing
 11552 | D:9      | Noticed Psyche
 11558 | D:9      | Killed a brown ugly thing
 11674 | Abyss:1  | Cast into level 1 of the Abyss (Psyche)
 11700 | Abyss:1  | Noticed a worldbinder
 11700 | Abyss:1  | Noticed a worldbinder
 11707 | Abyss:1  | Noticed a mana viper
 11711 | Abyss:1  | Noticed a mana viper
 11717 | Abyss:1  | Noticed an ophan
 11718 | Abyss:1  | Noticed a naga warrior
 11724 | Abyss:1  | Noticed a naga warrior
 11728 | Abyss:1  | Noticed a naga warrior
 11729 | Abyss:1  | Noticed a shadow dragon
 11781 | Abyss:1  | Noticed a starcursed mass
 11789 | Abyss:1  | Noticed a deep elf elementalist
 11794 | Abyss:1  | Demolished by a titan zombie

Illustrated notes

Levels and vault maps discovered:
D:1:      heliophobic_arrival_ceremonial_halls, layout_basic,
          minmay_pentomino_s2
D:2:      layout_basic
D:3:      layout_basic, nicolae_overflow_ecumenical_swirl
D:4:      due_chaos_kobolds, layout_loops_cross, uniq_crazy_yiuf_cottage
D:5:      layout_cave_pools, nicolae_concentric_dashed_squares_wild,
          uniq_duvessa, uniq_sigmund, uniq_grinder
D:6:      layout_basic, mainiacjoe_overflow_chevrons,
          amcnicky_altar_lugonu_corruption
D:7:      layout_basic, minmay_temple_entry_statues_pillars,
          nicolae_eternal_life, kennysheep_potato, uniq_pikel
D:8:      layout_gridville, david_lair_generic, hellmonk_guarded_unrand_vines
D:9:      layout_rooms, serial_shops, shop, uniq_psyche
Temple:   nicolae_temple_superstar
Abyss:1:  base: D:9, evilmike_abyss_exit_15, lemuel_flamethrower_2,
          hangedman_decor_lopped

Skill      XL: |  1  2  3  4  5  6  7  8  9 10 11 |
---------------+----------------------------------+-----
Conjurations   | 2 3 4 5 6 8 10 12 | 12.6
Air Magic      | 5 6 7 9 10 13 | 13.2
Fighting       | 5 6 |  6.5
Dodging        | 6 7 |  7.6
Evocations     | 1 3 |  3.5
Stealth        | |  2.0
Spellcasting   | |  2.5

Action                   |  1- 3 |  4- 6 |  7- 9 | 10-12 || total
-------------------------+-------+-------+-------+-------++-------
Melee: Whip              |    18 |       |       |       ||    18
       Kick              |     8 |    22 |     8 |    32 ||    70
       Peck              |     4 |    15 |     7 |    26 ||    52
       Dagger            |    25 |    87 |    22 |    53 ||   187
       Punch             |       |     1 |     1 |     3 ||     5
       Staff             |       |       |     6 |    78 ||    84
 Cast: Shock             |    43 |    25 |   285 |    32 ||   385
       Static Discharge  |       |       |    20 |     2 ||    22
       Airstrike         |       |       |       |    70 ||    70
       Swiftness         |       |       |       |     2 ||     2
Evoke: Wand              |       |       |       |     2 ||     2
  Use: Scroll            |       |       |     4 |    10 ||    14
       Potion            |       |       |     1 |       ||     1
 Stab: Sleeping          |     1 |     2 |       |       ||     3
       Distracted        |     1 |       |       |       ||     1
Armor: Robe              |     8 |       |       |    33 ||    41
       Ring mail         |     9 |    40 |    60 |       ||   109
Dodge: Dodged            |    53 |    75 |   104 |   118 ||   350

Table legend: (Time is in decaauts)
 A = Elapsed time spent in this place.
 B = Non-inter-level travel time spent in this place.
 C = Inter-level travel time spent in this place.
 D = Time resting spent in this place.
 E = Time spent auto-exploring this place.
 F = Levels seen in this place.
 G = Mean time per level.
                   A        B        C        D        E       F      G
               +--------+--------+--------+--------+--------+-----+--------+
         Total |  11416 |  10856 |    560 |   1623 |   7436 |  11 | 1037.8 |
       Dungeon |  11194 |  10669 |    525 |   1623 |   7370 |   9 | 1243.8 |
        Temple |    115 |     80 |     35 |      0 |     65 |   1 |  115.0 |
         Abyss |    106 |    106 |      0 |      0 |      0 |   1 |  106.0 |
               +--------+--------+--------+--------+--------+-----+--------+

Top non-repeatable levels by time:
     D:4: 1693 daAuts
     D:8: 1666 daAuts
     D:6: 1591 daAuts
     D:7: 1512 daAuts
     D:5: 1064 daAuts
     D:1: 1046 daAuts
     D:9: 1005 daAuts
     D:2: 910 daAuts
     D:3: 702 daAuts
  Temple: 115 daAuts
 Abyss:1: 106 daAuts
